RES
CARINGBAH ACES @ RANDWICK GREEN SOX
06/07/2022
 
TOP OF THE 1ST
Caringbah Aces batting - Pitching for Randwick Green Sox : RHP John Aves
Pitching: RHP John Aves
Batting: LHB Jeff Throsby 0-0: Fly out, F8 (Flyball, 8LM, EV 87.5 MPH)
Batting: LHB Steve Kinghorn 0-0: Ground out 4-3 (Groundball, 4, EV 91.3 MPH)
Batting: RHB Toby Bailey 0-0: Called Strike
0-1: Ground out 5-3 (Groundball, 56S, EV 81.9 MPH)
Top of the 1st over - 0 runs, 0 hits, 0 errors, 0 left on base; Caringbah 0 - Randwick 0
BOTTOM OF THE 1ST
Randwick Green Sox batting - Pitching for Caringbah Aces : RHP Justin Bartlett
Pitching: RHP Justin Bartlett
Batting: RHB Daly Challen 0-0: Foul Ball, location: 7LDF
0-1: Fly out, F3 (Popup, 34, EV 75.6 MPH)
Batting: RHB Art Alderson 0-0: Called Strike
0-1: Ball
1-1: Called Strike
1-2: Strikes out swinging
Batting: RHB Tony Green 0-0: Foul Ball, location: 2F
0-1: Foul Ball, location: 7LSF
0-2: Ball
1-2: Foul Ball, location: 2F
1-2: Ball
2-2: Foul Ball, location: 9LSF
2-2: Ground out 6-3 (Groundball, 6S, EV 76.9 MPH)
Bottom of the 1st over - 0 runs, 0 hits, 0 errors, 0 left on base; Caringbah 0 - Randwick 0
TOP OF THE 2ND
Caringbah Aces batting - Pitching for Randwick Green Sox : RHP John Aves
Batting: RHB O.P. Coggan 0-0: Fly out, F7 (Flyball, 7, EV 100.0 MPH)
Batting: LHB Michael Yaag 0-0: Swinging Strike
0-1: Swinging Strike
0-2: Strikes out swinging
Batting: RHB Michael Draycott 0-0: Swinging Strike
0-1: Fly out, F9 (Flyball, 9S, EV 87.5 MPH)
Top of the 2nd over - 0 runs, 0 hits, 0 errors, 0 left on base; Caringbah 0 - Randwick 0
BOTTOM OF THE 2ND
Randwick Green Sox batting - Pitching for Caringbah Aces : RHP Justin Bartlett
Batting: RHB Bob Ghey 0-0: Swinging Strike
0-1: Ball
1-1: Foul Ball, location: 5SF
1-2: Ball
2-2: Ball
3-2: Strikes out swinging
Batting: RHB Derik Fahey 0-0: Hit by Pitch
Batting: LHB Tony Tassell 0-0: Ball
1-0: Grounds into double play, 3-6-3 (Groundball, 34, EV 103.1 MPH)
Bottom of the 2nd over - 0 runs, 0 hits, 0 errors, 0 left on base; Caringbah 0 - Randwick 0
TOP OF THE 3RD
Caringbah Aces batting - Pitching for Randwick Green Sox : RHP John Aves
Batting: RHB Mo Cockerill 0-0: Swinging Strike
0-1: Called Strike
0-2: Strikes out swinging
Batting: LHB Peyton Latimore 0-0: Called Strike
0-1: Ball
1-1: Called Strike
1-2: Ball
2-2: Foul Ball, location: 2F
2-2: Ball
3-2: SINGLE (Line Drive, 4MD, EV 94.4 MPH)
Batting: SHB Danny Sandbach 0-0: Ball
1-0: Swinging Strike
1-1: Called Strike
1-2: Foul Ball, location: 2F
1-2: Foul Ball, location: 2F
1-2: Strikes out swinging
Batting: LHB Jeff Throsby 0-0: Fly out, F8 (Flyball, 8RD, EV 92.5 MPH)
Top of the 3rd over - 0 runs, 1 hit, 0 errors, 1 left on base; Caringbah 0 - Randwick 0
BOTTOM OF THE 3RD
Randwick Green Sox batting - Pitching for Caringbah Aces : RHP Justin Bartlett
Batting: RHB Pete Sherrell 0-0: Foul Ball, location: 5F
0-1: Ball
1-1: Ball
2-1: Swinging Strike
2-2: Strikes out swinging
Batting: LHB Colin Firman 0-0: SOLO HOME RUN (Flyball, 89XD, EV 110.0 MPH), Distance : 438 ft
Batting: RHB Keefe Lucking 0-0: Swinging Strike
0-1: Swinging Strike
0-2: Strikes out swinging
Batting: RHB Daly Challen 0-0: Foul Ball, location: 9LDF
0-1: Called Strike
0-2: Ball
1-2: Fly out, F9 (Line Drive, 89M, EV 85.6 MPH)
Bottom of the 3rd over - 1 run, 1 hit, 0 errors, 0 left on base; Caringbah 0 - Randwick 1
TOP OF THE 4TH
Caringbah Aces batting - Pitching for Randwick Green Sox : RHP John Aves
Batting: LHB Steve Kinghorn 0-0: Ball
1-0: Called Strike
1-1: Fly out, F7 (Line Drive, 7, EV 90.6 MPH)
Batting: RHB Toby Bailey 0-0: Called Strike
0-1: Foul Ball, location: 2F
0-2: SINGLE (Line Drive, 89S, EV 103.1 MPH)
Batting: RHB O.P. Coggan 0-0: Called Strike
0-1: Ball
1-1: Ball
Toby Bailey steals 2nd base
2-1: Fly out, F9 (Flyball, 9D, EV 96.9 MPH)
Runner from 2nd tags up, SAFE at 3rd, no throw by RF
Batting: LHB Michael Yaag 0-0: Swinging Strike
0-1: Ball
1-1: Ball
2-1: Fly out, F8 (Line Drive, 8RM, EV 91.3 MPH)
Top of the 4th over - 0 runs, 1 hit, 0 errors, 1 left on base; Caringbah 0 - Randwick 1
BOTTOM OF THE 4TH
Randwick Green Sox batting - Pitching for Caringbah Aces : RHP Justin Bartlett
Batting: RHB Art Alderson 0-0: Called Strike
0-1: Swinging Strike
0-2: Strikes out swinging
Batting: RHB Tony Green 0-0: Swinging Strike
0-1: Ball
1-1: Called Strike
1-2: Foul Ball, location: 3SF
1-2: Foul Ball, location: 25FF
1-2: Ball
2-2: Foul Ball, location: 2F
2-2: Ball
3-2: Base on Balls
Batting: RHB Bob Ghey 0-0: Foul Ball, location: 3FF
0-1: Ball
1-1: Foul Ball, location: 23F
1-2: Strikes out swinging
Tony Green steals 2nd base
Batter strikes out.
Batting: RHB Derik Fahey 0-0: Called Strike
0-1: Ground out 5-3 (Groundball, 5, EV 84.4 MPH)
Bottom of the 4th over - 0 runs, 0 hits, 0 errors, 1 left on base; Caringbah 0 - Randwick 1
TOP OF THE 5TH
Caringbah Aces batting - Pitching for Randwick Green Sox : RHP John Aves
Batting: RHB Michael Draycott 0-0: Swinging Strike
0-1: Foul Ball, location: 2LF
0-2: Ball
1-2: Ball
2-2: Ball
3-2: Foul Ball, location: 9LSF
3-2: SINGLE (Line Drive, 8LS, EV 105.0 MPH)
Batting: RHB Mo Cockerill 0-0: Bunted foul
0-1: Ball
Michael Draycott is caught stealing 2nd base 2-4
1-1: Foul Ball, location: 2F
1-2: Ball
2-2: Ball
3-2: Ground out 5-3 (Groundball, 25, EV 86.3 MPH)
Batting: LHB Peyton Latimore 0-0: Ground out 4-3 (Groundball, 4, EV 104.4 MPH)
Top of the 5th over - 0 runs, 1 hit, 0 errors, 0 left on base; Caringbah 0 - Randwick 1
BOTTOM OF THE 5TH
Randwick Green Sox batting - Pitching for Caringbah Aces : RHP Justin Bartlett
Batting: LHB Tony Tassell 0-0: Called Strike
0-1: Called Strike
0-2: Fly out, F7 (Flyball, 7, EV 84.4 MPH)
Batting: RHB Pete Sherrell 0-0: Ball
1-0: Ball
2-0: Foul Ball, location: 5DF
2-1: Fly out, F8 (Flyball, 8LD, EV 106.9 MPH)
Batting: LHB Colin Firman 0-0: Fly out, F7 (Flyball, 78M, EV 81.9 MPH)
Bottom of the 5th over - 0 runs, 0 hits, 0 errors, 0 left on base; Caringbah 0 - Randwick 1
TOP OF THE 6TH
Caringbah Aces batting - Pitching for Randwick Green Sox : RHP John Aves
Batting: SHB Danny Sandbach 0-0: Ball
1-0: Ball
2-0: Fly out, F8 (Flyball, 89M, EV 93.8 MPH)
Batting: LHB Jeff Throsby 0-0: Ball
1-0: Swinging Strike
1-1: Ground out 5-3 (Groundball, 56, EV 81.3 MPH)
Batting: LHB Steve Kinghorn 0-0: Ball
1-0: Ground out 4-3 (Groundball, 4D, EV 99.4 MPH)
Top of the 6th over - 0 runs, 0 hits, 0 errors, 0 left on base; Caringbah 0 - Randwick 1
BOTTOM OF THE 6TH
Randwick Green Sox batting - Pitching for Caringbah Aces : RHP Justin Bartlett
Batting: RHB Keefe Lucking 0-0: Called Strike
0-1: Ball
1-1: Ball
2-1: Foul Ball, location: 23FF
2-2: Strikes out swinging
Batting: RHB Daly Challen 0-0: SINGLE (Groundball, 6MD, EV 103.1 MPH)
Batting: RHB Art Alderson 0-0: Grounds into double play, 6-4-3 (Groundball, 56, EV 108.8 MPH)
Bottom of the 6th over - 0 runs, 1 hit, 0 errors, 0 left on base; Caringbah 0 - Randwick 1
TOP OF THE 7TH
Caringbah Aces batting - Pitching for Randwick Green Sox : RHP John Aves
Batting: RHB Toby Bailey 0-0: Called Strike
0-1: Ball
1-1: Ball
2-1: Foul Ball, location: 3SF
2-2: Ball
3-2: Strikes out swinging
Batting: RHB O.P. Coggan 0-0: Ground out 6-3 (Groundball, 6S, EV 90.6 MPH)
Batting: LHB Michael Yaag 0-0: Ball
1-0: Ball
2-0: Called Strike
2-1: Foul Ball, location: 25F
2-2: Ball
3-2: Fly out, F7 (Flyball, 78M, EV 83.8 MPH)
Top of the 7th over - 0 runs, 0 hits, 0 errors, 0 left on base; Caringbah 0 - Randwick 1
BOTTOM OF THE 7TH
Randwick Green Sox batting - Pitching for Caringbah Aces : RHP Justin Bartlett
Batting: RHB Tony Green 0-0: Called Strike
0-1: Foul Ball, location: 2RF
0-2: Ball
1-2: Strikes out swinging
Batting: RHB Bob Ghey 0-0: Ball
1-0: Foul Ball, location: 23F
1-1: Ball
2-1: Swinging Strike
2-2: Foul Ball, location: 5SF
2-2: Ball
3-2: Foul Ball, location: 23F
3-2: Reached on error, E8 (Line Drive, 8RM, EV 91.9 MPH)
Batting: RHB Derik Fahey 0-0: Ball
1-0: Called Strike
Bob Ghey steals 2nd base
1-1: Ball
2-1: Fly out, F8 (Flyball, 89M, EV 90.0 MPH)
Batting: LHB Tony Tassell 0-0: Fly out, F8 (Line Drive, 89M, EV 88.1 MPH)
Bottom of the 7th over - 0 runs, 0 hits, 1 error, 1 left on base; Caringbah 0 - Randwick 1
TOP OF THE 8TH
Caringbah Aces batting - Pitching for Randwick Green Sox : RHP John Aves
Batting: RHB Michael Draycott 0-0: Foul Ball, location: 2F
0-1: Ball
1-1: Called Strike
1-2: SOLO HOME RUN (Flyball, 9D, EV 98.8 MPH), Distance : 379 ft
Pitching: RHP Billy Catlow
Batting: RHB Mo Cockerill 0-0: Ball
1-0: Swinging Strike
1-1: Ball
2-1: Swinging Strike
2-2: Strikes out swinging
Batting: LHB Peyton Latimore 0-0: Ground out U3 (Groundball, 3L, EV 88.8 MPH)
Batting: SHB Danny Sandbach 0-0: Called Strike
0-1: Called Strike
0-2: Ball
1-2: Foul Ball, location: 3F
1-2: Foul Ball, location: 3DF
1-2: Ball
2-2: Ball
3-2: Fly out, F7 (Line Drive, 78M, EV 95.0 MPH)
Top of the 8th over - 1 run, 1 hit, 0 errors, 0 left on base; Caringbah 1 - Randwick 1
BOTTOM OF THE 8TH
Randwick Green Sox batting - Pitching for Caringbah Aces : RHP Justin Bartlett
Pinch Hitting: LHB Rodger Curnow 0-0: Ball
1-0: Ball
2-0: Foul Ball, location: 2F
2-1: Fly out, F8 (Flyball, 8LM, EV 84.4 MPH)
Batting: LHB Colin Firman 0-0: Foul Ball, location: 2F
0-1: DOUBLE (Flyball, 8RXD, EV 112.5 MPH)
Pitching: LHP J.J. Stewart
Batting: RHB Keefe Lucking 0-0: Ball
1-0: Foul Ball, location: 3SF
1-1: Swinging Strike
1-2: Fly out, F8 (Flyball, 8RD, EV 103.8 MPH)
Batting: RHB Daly Challen 0-0: Called Strike
0-1: Ball
1-1: Ball
2-1: Ball
3-1: Base on Balls
Batting: RHB Art Alderson 0-0: Ball
Wild Pitch!
Colin Firman to third
Daly Challen to second
1-0: Ball
2-0: Called Strike
2-1: Ground out 6-3 (Groundball, 6, EV 89.4 MPH)
Bottom of the 8th over - 0 runs, 1 hit, 0 errors, 2 left on base; Caringbah 1 - Randwick 1
TOP OF THE 9TH
Caringbah Aces batting - Pitching for Randwick Green Sox : RHP Billy Catlow
Now in CF: Rodger Curnow
Now in RF: Daly Challen
Pinch Hitting: SHB Jess Herbert 0-0: Ball
1-0: DOUBLE (Line Drive, 78D, EV 99.4 MPH)
Batting: LHB Steve Kinghorn 0-0: Sac Bunt to 15S - play at third, runner OUT! 1-6
Batting: RHB Toby Bailey 0-0: Ball
1-0: Ball
2-0: Foul Ball, location: 5F
2-1: Ball
3-1: 2-RUN HOME RUN (Line Drive, 9D, EV 100.0 MPH), Distance : 407 ft
Batting: RHB O.P. Coggan 0-0: SINGLE (Line Drive, 6MD, EV 99.4 MPH)
Batting: LHB Michael Yaag 0-0: Foul Ball, location: 7LMF
0-1: Swinging Strike
0-2: Fly out, F6 (Flyball, 6MD, EV 93.8 MPH)
Batting: RHB Michael Draycott 0-0: Called Strike
0-1: Foul Ball, location: 2F
0-2: Hit by Pitch
O.P. Coggan to second
Batting: RHB Mo Cockerill 0-0: Called Strike
0-1: Ball
1-1: Ball
2-1: Ball
3-1: Called Strike
3-2: Base on Balls
O.P. Coggan to third
Michael Draycott to second
Pitching: LHP Trev Wearne
Batting: LHB Peyton Latimore 0-0: Fly out, F9 (Flyball, 89S, EV 72.5 MPH)
Top of the 9th over - 2 runs, 3 hits, 0 errors, 3 left on base; Caringbah 3 - Randwick 1
BOTTOM OF THE 9TH
Randwick Green Sox batting - Pitching for Caringbah Aces : LHP J.J. Stewart
Pitching: LHP Ron Weyman
Now at 1B: Peyton Latimore
Now at 2B: Jersey Rosbottom
Now at 3B: Steve Kinghorn
Now in LF: Toby Bailey
Now in CF: Jess Herbert
Batting: RHB Tony Green 0-0: Ball
1-0: Ball
2-0: Ball
3-0: Called Strike
3-1: Fly out, F9 (Flyball, 89M, EV 88.8 MPH)
Batting: RHB Bob Ghey 0-0: Ball
1-0: Ball
2-0: Ball
3-0: Called Strike
3-1: Ground out 5-3 (Groundball, 56, EV 81.3 MPH)
Batting: RHB Derik Fahey 0-0: Ball
1-0: Ball
2-0: Fly out, F4 (Popup, 4, EV 78.1 MPH)
Bottom of the 9th over - 0 runs, 0 hits, 0 errors, 0 left on base; Caringbah 3 - Randwick 1
Wednesday, May 1st , 2024 - OOTP Baseball 24.9 Build 80